 Dungeon Sprint DCSS version 0.30-a0-779-g7971cf19c3 (webtiles) character file.

Game seed: 9893262419199394185

2018 dialectric the Basher (level 9, 0/65 HPs)
             Began as a Gargoyle Fighter on Feb 17, 2023.
             Was an Initiate of Trog.
             Slain by a polar bear (1 damage)
             ... in the Dungeon (Sprint II: "The Violet Keep of Menkaure").
             The game lasted 00:03:41 (686 turns).

dialectric the Basher (Gargoyle Fighter)             Turns: 686, Time: 00:03:41

Health: 0/65       AC: 14    Str: 21    XL:     9   Next: 23%
Magic:  8/8        EV: 10    Int: 10    God:    Trog [......]
Gold:   46         SH:  0    Dex: 11    Spells: 8/8 levels left

rFire   . . .      SeeInvis .    d - +7 dire flail (drain)
rCold   . . .      Faith    .    (shield currently unavailable)
rNeg    + . .      Spirit   .    b - +0 scale mail
rPois   ∞          Reflect  .    (no helmet)
rElec   +          Harm     .    (no cloak)
rCorr   .          Rampage  .    (no gloves)
Will    +....      NoTele   +    (no boots) Stlth
                                 (no amulet)
HPRegen 0.30/turn                (no ring)
MPRegen 0.11/turn                (no ring)

@: flying
A: sickness immunity, AC +6, negative energy resistance 1, electricity
resistance, torment resistance 1, petrification resistance, big wings,
iridescent scales 1, deformed body, deterioration 1, low MP 1, strong-willed 1,
subdued magic 2
a: Renounce Religion


You were in the Dungeon.
You worshipped Trog.
Trog was noncommittal.
You visited 1 branch You collected 810 gold pieces.
You spent 764 gold pieces at shops.

Inventory:

Hand Weapons
 a - a +0 flail
 d - a +7 dire flail of draining (weapon)
Armour
 b - a +0 scale mail (worn)
Scrolls
 j - a scroll of blinking
Potions
 g - a potion of haste
 h - 2 potions of magic


   Skills:
 + Level 11.6 Fighting
 * Level 12.9 Maces & Flails
 + Level 11.2 Armour
 - Level 2.1 Dodging
 - Level 8.4 Shields


You had 8 spell levels left.
You didn't know any spells.
Your spell library was empty.

Dungeon Overview and Level Annotations

Branches:
Dungeon (1/1)

Altars:
Cheibriados
Dithmenos
Elyvilon
Fedhas
Gozag
Hepliaklqana
Kikubaaqudgha
Makhleb
Nemelex Xobeh
Okawaru
Qazlal
Ru
Sif Muna
Trog
Uskayaw
Vehumet
Wu Jian
Xom
Yredelemnul
Zin
The Shining One
Jiyva
Lugonu

Shops:
D !(:=:==?*(?[![:

Annotations:
D exclusions: oklob plant and orange crystal statue, Kirke


Innate Abilities, Weirdness & Mutations

You are immune to sickness and miasma.
Your stone body is resilient. (AC +6)
You are immune to poison.
You resist negative energy. (rN+)
You are resistant to electric shocks. (rElec)
You are resistant to unholy torment.
You are immune to petrification.
Your large and strong wings let you fly.
You are partially covered in iridescent scales. (AC +2)
Armour fits poorly on your strangely shaped body.
Your body sometimes deteriorates upon taking damage.
Your magical capacity is low. (-10% MP)
You are strong-willed. (Will+)
Your spells are easier to cast, but less powerful.


Message History

You bludgeon the yaktaur!! You drain the yaktaur.
The yaktaur is severely wounded.
The polar bear bites you but does no damage.
The polar bear claws you but does no damage.
The polar bear barely misses you.
The yaktaur unwields a +0 arbalest.
The yaktaur hits you. The polar bear misses you.
The polar bear barely misses you.
The polar bear claws you but does no damage.
You impale the yaktaur!!
You kill the yaktaur!
Trog accepts your kill. The polar bear completely misses you.
The polar bear barely misses you.
The polar bear claws you but does no damage.
The polar bear bites you. The polar bear claws you.
The polar bear claws you but does no damage.
The polar bear attacks as you move away!
The polar bear bites you but does no damage.
The polar bear claws you.
The polar bear claws you but does no damage.
The polar bear barely misses you. The polar bear claws you.
The polar bear claws you but does no damage.
There is a hide-covered altar of Uskayaw, spattered with blood here.
Things that are here:
a +0 arbalest; 81 gold pieces You barely miss the polar bear.
The polar bear is heavily wounded.
The polar bear bites you!
* * * LOW HITPOINT WARNING * * *
The polar bear claws you but does no damage.
The polar bear claws you.
* * * LOW HITPOINT WARNING * * *
You hit the polar bear but do no damage.
The polar bear is almost dead.
The polar bear closely misses you.
The polar bear claws you but does no damage. x2
The polar bear bites you!
* * * LOW HITPOINT WARNING * * *
The polar bear claws you but does no damage.
The polar bear claws you.
You die...

.##.###..#.†#..# h#▓[$$$))
<.'##.'..####..##.#▓$?????$
.##...#....###...##▓▓▓▓▓▓▓+
'###.##......~~~~~~~~~~~~~
..####~~.....~#'########+##
#..#~~~~~~§..~#_y_.....#~~§
###~~§~~~~~.~#._._....#§§§
+##~~~≈≈≈§~~~~#_.h._...#~~§
~~~~~~§≈≈≈≈~§~#.@h_._..#~~~
#+++#~≈≈≈≈≈§§~#_._._._.#S~~


SSS ##≈§≈###≈≈#._._._._#§§~ S§≈≈≈##≈≈# #≈≈#.._._._.#~~§ ≈≈≈≈≈≈+§≈#
#≈≈#._._._..#~≈§ ≈§≈≈≈##≈§§≈≈≈§##########~≈§ ≈≈≈≈## ########~S~~~~~~~≈§≈ +####
°°≈###~########≈▓▓ ≈≈≈##~ ▓▓ You could see 2 polar bears, a hornet and a water
moccasin.

Vanquished Creatures
  A merfolk siren (D)
  A yaktaur (D)
  A polar bear (D)
  3 yaks (D)
  4 neqoxecs (D)
  A vampire mosquito (D)
  Menkaure (D)
  A water moccasin (D)
  3 worms (D)
16 creatures vanquished.

Notes
Turn   | Place    | Note
-------+----------+-------------------------------------------
     0 | D        | dialectric the Gargoyle Fighter began the quest for the
                  | Orb.
     0 | D        | Reached XP level 1. HP: 14/14 MP: 1/1
     8 | D        | Noticed a merfolk siren
    36 | D        | Killed a merfolk siren
    37 | D        | Reached skill level 5 in Maces & Flails
    37 | D        | Reached XP level 2. HP: 26/26 MP: 2/2
    37 | D        | Reached XP level 3. HP: 30/30 MP: 3/3
    37 | D        | Reached XP level 4. HP: 36/36 MP: 4/4
    37 | D        | Reached XP level 5. HP: 40/40 MP: 5/5
    37 | D        | Reached XP level 6. HP: 45/45 MP: 6/6
    44 | D        | Noticed a neqoxec
    44 | D        | Noticed a neqoxec
    44 | D        | Noticed a neqoxec
    44 | D        | Noticed a neqoxec
    50 | D        | Killed a neqoxec
    51 | D        | Reached skill level 6 in Maces & Flails
    51 | D        | Reached XP level 7. HP: 51/51 MP: 7/7
    57 | D        | Killed a neqoxec
    58 | D        | Reached skill level 7 in Maces & Flails
    64 | D        | Gained mutation: Your spells are a little easier to cast,
                  | but a little less powerful. [a neqoxec]
    68 | D        | Gained mutation: You are weak. (Str -2) [a neqoxec]
    68 | D        | Gained mutation: Your body sometimes deteriorates upon
                  | taking damage. [a neqoxec]
    71 | D        | Killed a neqoxec
    72 | D        | Reached skill level 10 in Fighting
    72 | D        | Reached skill level 8 in Maces & Flails
    74 | D        | Gained mutation: You are strong-willed. (Will+) [a neqoxec]
    78 | D        | Gained mutation: You occasionally lose the ability to read
                  | scrolls when taking damage. [a neqoxec]
    79 | D        | Gained mutation: Your magical capacity is low. (-10% MP) [a
                  | neqoxec]
    90 | D        | Killed a neqoxec
    91 | D        | Reached skill level 10 in Armour
   219 | D        | Noticed a boulder beetle
   219 | D        | Noticed a boulder beetle
   232 | D        | Reached XP level 8. HP: 58/58 MP: 7/7
   257 | D        | Noticed an orange crystal statue
   258 | D        | Noticed Menkaure
   259 | D        | Found Rinwul's Antique Armour Shoppe.
   259 | D        | Found Bousocwa's Book Emporium.
   267 | D        | Killed Menkaure
   268 | D        | Reached skill level 9 in Maces & Flails
   268 | D        | Found Gozaamun's Antique Armour Shoppe.
   268 | D        | Found Selelo's Distillery.
   269 | D        | Found Ryuci's Weapon Shoppe.
   269 | D        | Found Lilymm's Magic Scroll Emporium.
   270 | D        | Found Ariu's Magic Scroll Shoppe.
   270 | D        | Found Teovos's General Store.
   271 | D        | Found Fodghoev's Jewellery Shoppe.
   272 | D        | Found Timisig's Jewellery Emporium.
   272 | D        | Noticed a cane toad
   272 | D        | Noticed a cane toad
   275 | D        | Found Aceefomp's Book Emporium.
   275 | D        | Found Mentualiu's Jewellery Shoppe.
   275 | D        | Noticed an oklob plant
   276 | D        | Found Qemnig's Antique Weapon Shoppe.
   276 | D        | Found Ustrezar's Distillery.
   276 | D        | Found Bofatal's Book Shoppe.
   387 | D        | Noticed a great orb of eyes
   411 | D        | Bought a potion of mutation for 104 gold pieces
   411 | D        | Lost mutation: You occasionally lose the ability to read
                  | scrolls when taking damage. [potion of mutation]
   411 | D        | Lost mutation: You are weak. (Str -2) [potion of mutation]
   411 | D        | Gained mutation: You have hidden genetic defects. [potion
                  | of mutation]
   411 | D        | Gained mutation: You are partially covered in iridescent
                  | scales. (AC +2) [potion of mutation]
   411 | D        | Gained mutation: Your large and strong wings let you fly.
                  | [potion of mutation]
   412 | D        | Bought a potion of berserk rage for 65 gold pieces
   412 | D        | Bought a potion of heal wounds for 65 gold pieces
   440 | D        | Reached skill level 10 in Maces & Flails
   457 | D        | Found an iron altar of Okawaru.
   457 | D        | Found a radiant altar of Vehumet.
   457 | D        | Found a glowing silver altar of Zin.
   458 | D        | Found a sparkling altar of Nemelex Xobeh.
   458 | D        | Found a hide-covered altar of Uskayaw.
   458 | D        | Found a basalt altar of Yredelemnul.
   459 | D        | Found an opulent altar of Gozag.
   459 | D        | Found a burning altar of Makhleb.
   459 | D        | Found a bloodstained altar of Trog.
   459 | D        | Found a shimmering altar of Xom.
   460 | D        | Found a blossoming altar of Fedhas.
   460 | D        | Found a corrupted altar of Lugonu.
   460 | D        | Found a shimmering blue altar of Sif Muna.
   461 | D        | Found a white marble altar of Elyvilon.
   461 | D        | Found an ancient bone altar of Kikubaaqudgha.
   462 | D        | Found a shadowy altar of Dithmenos.
   462 | D        | Found a viscous altar of Jiyva.
   463 | D        | Found a snail-covered altar of Cheibriados.
   466 | D        | Noticed a yak
   466 | D        | Noticed a yak
   467 | D        | Noticed a yak
   473 | D        | Killed a yak
   479 | D        | Killed a yak
   480 | D        | Reached skill level 11 in Maces & Flails
   482 | D        | Killed a yak
   482 | D        | Gained mutation: Your spells are easier to cast, but less
                  | powerful. [hidden defects]
   521 | D        | Bought a +7 dire flail of draining for 530 gold pieces
   633 | D        | Noticed a centaur warrior
   633 | D        | Noticed Kirke
   633 | D        | Noticed a yaktaur captain
   634 | D        | Noticed a skeletal warrior
   660 | D        | Found a sacrificial altar of Ru.
   660 | D        | Found a hazy altar of Hepliaklqana.
   660 | D        | Noticed a hornet
   660 | D        | Noticed a polar bear
   660 | D        | Noticed a polar bear
   661 | D        | Found a glowing golden altar of the Shining One.
   661 | D        | Found an ornate altar of the Wu Jian Council.
   661 | D        | Found a stormy altar of Qazlal.
   661 | D        | Noticed a yaktaur
   661 | D        | Noticed a polar bear
   667 | D        | Became a worshipper of Trog the Wrathful
   670 | D        | Killed a polar bear
   671 | D        | Reached skill level 12 in Maces & Flails
   671 | D        | Reached XP level 9. HP: 64/64 MP: 8/8
   675 | D        | Gained mutation: Armour fits poorly on your strangely
                  | shaped body. [hidden defects]
   675 | D        | Lost mutation: You have hidden genetic defects. [hidden
                  | defects expressed]
   683 | D        | Killed a yaktaur
   686 | D        | HP: 1/65 [polar bear (12)]
   686 | D        | Slain by a polar bear

Illustrated notes

Levels and vault maps discovered:
D:        the_violet_keep_of_menkaure [sprint2_stairs_cluster_1,
          sprint2_shoproom, sprint2_temple, sprint2_basic_supplies,
          sprint2_obstacle_7, sprint2_obstacle_2, sprint2_obstacle_4,
          sprint2_obstacle_3, sprint2_obstacle_5, sprint2_timed_cluster_1,
          sprint2_smallroom_cluster_1, sprint2_smallroom_final_cluster_1,
          sprint2_transparent_cluster_1, sprint2_second_timed_cluster_1,
          sprint2_sniper_area_1, sprint2_heavy_combat_area_1,
          sprint2_mutation_trap_area_1, sprint2_forest_area_1,
          sprint2_light_combat_area_1, sprint2_behind_water_1,
          sprint2_near_end_vault_1]

Skill      XL: |  1  2  3  4  5  6  7  8 |
---------------+-------------------------+-----
Fighting       | 8 9 10 11 | 11.6
Maces & Flails | 5 6 8 12 | 12.9
Armour         | 8 10 11 | 11.2
Shields        | 8 |  8.4
Dodging        | 2 |  2.1

Action                     |  1- 3 |  4- 6 |  7- 9 || total
---------------------------+-------+-------+-------++-------
  Melee: Flail             |    24 |     5 |    87 ||   116
         Dire flail        |       |       |    17 ||    17
    Use: Potion            |     2 |     1 |     4 ||     7
 Armour: Scale mail        |     1 |     1 |    55 ||    57
  Dodge: Dodged            |     3 |     1 |    52 ||    56

Table legend: (Time is in decaauts)
 A = Elapsed time spent in this place.
 B = Non-inter-level travel time spent in this place.
 C = Inter-level travel time spent in this place.
 D = Time resting spent in this place.
 E = Time spent auto-exploring this place.
 F = Levels seen in this place.
 G = Mean time per level.
                   A        B        C        D        E       F      G
               +--------+--------+--------+--------+--------+-----+--------+
         Total |    703 |    703 |      0 |    221 |    115 |   1 |  703.0 |
       Dungeon |    703 |    703 |      0 |    221 |    115 |   1 |  703.0 |
               +--------+--------+--------+--------+--------+-----+--------+

Top non-repeatable levels by time:
       D: 703 daAuts
